 Dungeon Crawl Stone Soup version 0.30-a0-1053-gbd8d5ba0ad (webtiles) character file.

Game seed: 564072390385728219

1305 cheesebisquit the Firebug (level 8, 0/64 (68) HPs)
             Began as a White Draconian Fire Elementalist on Apr 11, 2023.
             Was an Initiate of Vehumet.
             Slain by a wight
             ... wielding a +0 falchion
              (4 damage)
             ... on level 6 of the Dungeon.
             The game lasted 00:28:26 (5841 turns).

cheesebisquit the Firebug (DrFE)                    Turns: 5841, Time: 00:28:27

HP:   0/64 (68)     AC:  5    Str: 10    XL:     8   Next: 31%
MP:   19/20         EV: 12    Int: 23    God:    Vehumet [......]
Gold: 192           SH:  0    Dex: 13    Spells: 5/11 levels left

rFire   . . .      SeeInvis +    v - +2 trident (vamp)
rCold   + . .      Faith    .    (no shield)
rNeg    . . .      Spirit   .    (body armour unavailable)
rPois   .          Reflect  .    y - +2 hat {SInv}
rElec   .          Rampage  .    w - +0 cloak
rCorr   .                        (no gloves)
Will    .....                    (no boots)
Stlth   ++                       q - amulet of regeneration
HPRegen 1.10/turn                b - ring of magical power
MPRegen 0.17/turn                r - +6 ring of intelligence

@: corroded, drained
A: breathe frost, AC +6, unfitting armour, cold resistance 1, cold-blooded
a: Breathe Frost, Renounce Religion


You were on level 6 of the Dungeon.
You worshipped Vehumet.
Vehumet was noncommittal.
You visited 2 branches of the dungeon, and saw 7 of its levels.

You collected 402 gold pieces.
You spent 210 gold pieces at shops.

Inventory:

Hand Weapons
 c - a +0 mace
 m - a +2 dagger of protection
 s - a +0 scythe of flaming
 v - a +2 vampiric trident (weapon)
 F - a +0 morningstar
Missiles
 d - 6 poisoned darts
Armour
 w - a +0 cloak (worn)
 y - a +2 hat of see invisible (worn)
Magical Staves
 G - a staff of cold
Jewellery
 b - a ring of magical power (left hand)
 j - an amulet of reflection
 q - an amulet of regeneration (around neck)
 r - a +6 ring of intelligence (right hand)
Wands
 u - a wand of polymorph (2)
Scrolls
 e - 4 scrolls of identify {unknown}
 h - 2 scrolls of magic mapping {unknown}
 k - 2 scrolls of immolation {unknown}
 l - 5 scrolls of noise {unknown}
 o - 3 scrolls of fog {unknown}
 p - a scroll of fear {unknown}
 t - a scroll of enchant armour {unknown}
 A - a scroll of blinking {unknown}
 C - a scroll of torment {unknown}
 E - a scroll of teleportation {unknown}
Potions
 f - a potion of brilliance {unknown}
 g - a potion of might
 i - 2 potions of degeneration {unknown}
 n - 3 potions of attraction {unknown}
 x - 3 potions of curing {unknown}
 z - a potion of haste {unknown}
 B - 2 potions of heal wounds {unknown}
 D - 2 potions of cancellation {unknown}


   Skills:
 + Level 5.1 Fighting
 + Level 4.6 Polearms
 - Level 1.7 Dodging
 - Level 1.7 Stealth
 - Level 2.0 Spellcasting
 - Level 1.0 Conjurations
 - Level 6.7 Fire Magic


You had 5 spell levels left.
You knew the following spells:

 Your Spells              Type           Power      Damage    Failure   Level
a - Foxfire               Conj/Fire      80%        2x1d8     2%          1
c - Inner Flame           Hex/Fire       17%        N/A       10%         3
z - Scorch                Fire           66%        2d7       1%          2

Your spell library contained the following spells:

 Spells                   Type           Power      Damage    Failure   Level
 Volatile Blastmotes      Fire/Tloc      34%        2d12      10%         3
 Flame Wave               Conj/Fire      20%        2d7       26%         4
 Fireball                 Conj/Fire      10%        3d6       58%         5
 Manifold Assault         Tloc           2%         N/A       77%         4
 Plasma Beam              Fire/Air       8%         2x1d21    99%         6
 Starburst                Conj/Fire      10%        6d5       99%         6
 Dispersal                Tloc           1%         N/A       100%        6
 Disjunction              Tloc           1%         N/A       100%        8


Dungeon Overview and Level Annotations

Branches:
Dungeon (6/15)             Temple (1/1) D:5

Altars:
Ashenzari
Cheibriados
Elyvilon
Gozag
Kikubaaqudgha
Makhleb
Nemelex Xobeh
Ru
Sif Muna
Trog
Vehumet
Wu Jian
Xom
Yredelemnul
The Shining One

Shops:
D:4 [

Annotations:
D:2 exclusion: downstairs
D:5 3 runed translucent doors, hwolsky's ghost, novice DEAE


Innate Abilities, Weirdness & Mutations

You can breathe waves of freezing cold which knock back foes.
Your icy white scales are hard. (AC +6)
You cannot fit into any form of body armour.
Your flesh is cold resistant. (rC+)
You are cold-blooded and may be slowed by cold attacks.


Message History

The jelly completely misses you. The wight hits you with a +0 falchion.
You feel drained.
Casting: Foxfire (safe; 2% risk of failure)
Confirm with . or Enter, or press ? or * to list all spells.
Flames lash the wight.
The wight is burned terribly!
You destroy the wight!
Vehumet accepts your kill.
The foxfire hits the jelly.
You kill the jelly!
Vehumet accepts your kill.
The foxfire hits the wight.
The wight resists.
The wight is severely damaged.
The wight hits you with a +0 falchion.
* * * LOW HITPOINT WARNING * * *
You feel drained.
* * * LOW HITPOINT WARNING * * *
Your Fighting skill increases to level 5!
You are too injured to fight recklessly!
Casting: Foxfire (safe; 2% risk of failure)
Press: ? - help, Q - select action, (/) - cycle Dir - look around, f - activate You conjure some foxfire!
The wight barely misses you.
You closely miss the wight.
The wight is severely damaged.
The foxfire hits the wight but does no damage.
The wight is severely damaged.
The foxfire hits the wight.
The wight completely resists.
The wight is severely damaged.
The wight hits you with a +0 falchion!
* * * LOW HITPOINT WARNING * * *
Magic courses through your body. The wight hits you with a +0 falchion!
* * * LOW HITPOINT WARNING * * *
You feel drained.
* * * LOW HITPOINT WARNING * * *
Casting: Foxfire (safe; 2% risk of failure)
Confirm with . or Enter, or press ? or * to list all spells.
Flames lash the wight.
The wight resists.
The wight is almost destroyed.
The wight's fire resistance burns away.
The wight hits you with a +0 falchion.
You die...

##.....#..
#...#....#...........#.
...#... #.......##....
..... .....# ##...
#...##?.##.#######..#
#...##...#...##..#..#
##.......##...........
#..#).z..##......#....
#.#.@...........#....
##...................
#..............#....
#.####........##....
##..###..............
#....###.....##....#.
######.....##.........####
##....8.8.8.......##.....
#..............#### ....[.


You could see a wight (combustible).

Vanquished Creatures
  Grinder (D:3)
  Sigmund (D:3)
  Eustachio (D:5)
  An ice beast (D:6)
  2 scorpions
  3 wights
  A jelly (D:6)
  A hound (D:5)
  Crazy Yiuf (D:3)
  2 iguanas
  Ijyb (D:3)
  An orc wizard (D:5)
  Robin (D:2)
  4 gnolls (D:5)
  8 adders
  A shadow imp (D:6)
  An ufetubus (D:5)
  4 worms
  3 dart slugs
  12 orcs
  9 ball pythons
  3 bats
  10 endoplasms
  4 giant cockroaches
  2 hobgoblins
  11 jackals
  2 quokkas
  2 frilled lizards
  20 goblins
  8 kobolds
  10 rats
131 creatures vanquished.

Vanquished Creatures (others)
  378 foxfires
  3 fungi (D:5)
  A plant (D:5)
382 creatures vanquished.

Grand Total: 513 creatures vanquished

Notes
Turn   | Place    | Note
-------+----------+-------------------------------------------
     0 | D:1      | cheesebisquit the Draconian Fire Elementalist began the
                  | quest for the Orb.
     0 | D:1      | Reached XP level 1. HP: 14/14 MP: 3/3
   182 | D:1      | Reached XP level 2. HP: 20/20 MP: 5/5
   185 | D:1      | Found a faded altar of an unknown god.
   541 | D:1      | Reached skill level 4 in Fire Magic
   776 | D:2      | Reached XP level 3. HP: 26/26 MP: 6/6
  1011 | D:2      | Noticed Robin
  1027 | D:2      | Killed Robin
  1168 | D:2      | Reached XP level 4. HP: 33/33 MP: 7/7
  1174 | D:2      | Reached skill level 5 in Fire Magic
  1177 | D:2      | Learned a level 2 spell: Scorch
  1181 | D:2      | Learned a level 3 spell: Inner Flame
  1779 | D:3      | Identified the +1 leather armour of the Shining Light
                  | {Drain rPois Str+7}
  1819 | D:3      | Noticed Grinder
  1884 | D:3      | Noticed Sigmund
  2050 | D:3      | Killed Sigmund
  2051 | D:3      | Reached skill level 6 in Fire Magic
  2051 | D:3      | Reached XP level 5. HP: 10/38 MP: 8/8
  2167 | D:3      | Reached XP level 6. HP: 45/45 MP: 9/9
  2371 | D:3      | Reached skill level 7 in Fire Magic
  2579 | D:3      | Noticed Ijyb
  2696 | D:3      | Killed Ijyb
  2801 | D:3      | Paralysed by Grinder for 4 turns
  2807 | D:3      | Paralysed by Grinder for 5 turns
  2818 | D:3      | Killed Grinder
  2819 | D:3      | Reached skill level 8 in Fire Magic
  2819 | D:3      | Your scales start taking on an icy white colour.
  2819 | D:3      | Reduced skill Fire Magic to level 6
  2819 | D:3      | Reached XP level 7. HP: 48/50 MP: 10/10
  2819 | D:3      | Gained mutation: Your flesh is cold resistant. (rC+) [White
                  | Draconian growth]
  3098 | D:3      | Found a runed translucent door.
  3099 | D:3      | Noticed Crazy Yiuf
  3452 | D:3      | Killed Crazy Yiuf
  3660 | D:4      | Found Annian's Armour Shoppe.
  3669 | D:4      | Bought a +2 hat of see invisible for 210 gold pieces
  3714 | D:4      | Reached skill level 1 in Fighting
  3714 | D:4      | Reached skill level 1 in Polearms
  4340 | D:5      | Entered Level 5 of the Dungeon
  4617 | D:5      | Found a runed translucent gate.
  4617 | D:5      | Found a runed translucent gate.
  4618 | D:5      | Found a runed translucent gate.
  4622 | D:5      | Noticed hwolsky's ghost (novice DEAE)
  4658 | D:5      | Noticed Eustachio
  4735 | D:5      | Found a staircase to the Ecumenical Temple.
  4749 | Temple   | Entered the Ecumenical Temple
  4932 | Temple   | Became a worshipper of Vehumet
  5444 | D:5      | Killed Eustachio
  5445 | D:5      | Reached XP level 8. HP: 64/66 MP: 11/11
  5838 | D:6      | Reached skill level 5 in Fighting
  5840 | D:6      | HP: 3/64 [wight/+0 falchion (1)]
  5841 | D:6      | Slain by a wight

Illustrated notes

Levels and vault maps discovered:
D:1:      grunt_arrival_crossed_arrows, layout_rooms,
          shapermc_ecumenical_altar_mp_highgroup, minmay_split_cup_small
D:2:      layout_loops_ring, uniq_robin
D:3:      layout_basic, st_stairs_11, minmay_circle_x, uniq_grinder,
          uniq_sigmund, uniq_ijyb, uniq_crazy_yiuf_cottage
D:4:      layout_loops_cross, serial_shops, shop
D:5:      layout_rooms, minmay_temple_entry_junction_2,
          gammafunk_ghost_nasty_kobolds, minmay_crystal_water, uniq_eustachio
D:6:      layout_cave_pools, serial_column_ruins, column_ruins_corridor_T,
          column_ruins_open_tiny, column_ruins_open_small,
          column_ruins_corridor_straight
Temple:   bh_familiar_temple

Skill      XL: |  1  2  3  4  5  6  7  8 |
---------------+-------------------------+-----
Fire Magic     | 4 6 6 |  6.7
Fighting       | 4 5 |  5.1
Polearms       | 3 4 |  4.6
Dodging        | |  1.7
Stealth        | |  1.7
Spellcasting   | |  2.0
Conjurations   | |  1.0

Action                     |  1- 3 |  4- 6 |  7- 9 || total
---------------------------+-------+-------+-------++-------
  Melee: Mace              |    19 |       |       ||    19
         Unarmed           |     1 |       |       ||     1
         Tailslap          |     2 |     5 |    10 ||    17
         Dagger            |     9 |    27 |       ||    36
         Punch             |       |     1 |     1 ||     2
         Halberd           |       |    16 |    16 ||    32
         Trident           |       |       |    47 ||    47
   Cast: Foxfire           |    65 |    53 |   105 ||   223
         Scorch            |       |       |    12 ||    12
    Use: Potion            |       |     1 |     1 ||     2
   Stab: Sleeping          |       |     1 |       ||     1
 Armour: Skin              |    20 |    29 |    37 ||    86
  Dodge: Dodged            |    27 |    42 |    85 ||   154

Table legend: (Time is in decaauts)
 A = Elapsed time spent in this place.
 B = Non-inter-level travel time spent in this place.
 C = Inter-level travel time spent in this place.
 D = Time resting spent in this place.
 E = Time spent auto-exploring this place.
 F = Levels seen in this place.
 G = Mean time per level.
                   A        B        C        D        E       F      G
               +--------+--------+--------+--------+--------+-----+--------+
         Total |   5853 |   5354 |    499 |    323 |   3855 |   7 |  836.1 |
       Dungeon |   5640 |   5178 |    462 |    323 |   3686 |   6 |  940.0 |
        Temple |    212 |    175 |     37 |      0 |    169 |   1 |  212.0 |
               +--------+--------+--------+--------+--------+-----+--------+

Top non-repeatable levels by time:
     D:3: 1767 daAuts
     D:2: 1052 daAuts
     D:5: 887 daAuts
     D:4: 860 daAuts
     D:1: 825 daAuts
     D:6: 248 daAuts
  Temple: 212 daAuts
